 Dungeon Crawl Stone Soup version 0.29.1-15-g9cfb28693d (webtiles) character file.

Game seed: 11469561079659119377

1138 Sanktem7 the Fighter (level 8, 0/123 HPs)
             Began as a Minotaur Fighter on Mar 4, 2023.
             Was an Initiate of Trog.
             Succumbed to a killer bee's poison
             ... on level 5 of the Dungeon.
             The game lasted 00:08:09 (3662 turns).

Sanktem7 the Fighter (Minotaur Fighter)             Turns: 3662, Time: 00:08:09

Health: 0/123      AC: 24    Str: 28 (29) XL:     8   Next: 14%
Magic:  7/7        EV:  2    Int:  4 (5)  God:    Trog [......]
Gold:   276        SH:  9    Dex:  7 (10) Spells: 7/7 levels left

rFire   . . .      SeeInvis .   a - +2 war axe {axe}
rCold   . . .      Faith    .   c - +0 buckler
rNeg    . . .      Spirit   .   (body armour currently unavailable)
rPois   +          Reflect  +   (helmet currently unavailable)
rElec   +          Harm     .   (cloak currently unavailable)
rCorr   .          Rampage  .   (gloves currently unavailable)
Will    .....      NoTele   +   (boots currently unavailable)
Stlth   +.........              j - amulet of reflection
HPRegen 0.30/turn               h - ring "Ohuemit" {Fly rElec Str+6}
MPRegen 0.10/turn               (no ring)

@: brilliant, lethally poisoned (0 -> -7), tree-form, hasted, very quick
A: stationary, stasis, torment immunity, boosted hp, (horns 2), (retaliatory
headbutt), robust 1, (electricity resistance)
a: Renounce Religion


You were on level 5 of the Dungeon.
You worshipped Trog.
Trog was noncommittal.
You were a tree.
You visited 1 branch of the dungeon, and saw 5 of its levels.

You collected 276 gold pieces.


Innate Abilities, Weirdness & Mutations

You are a tree.
Your roots penetrate the ground, keeping you stationary.
You cannot be teleported.
You are immune to unholy pain and torment.
Your maximum health is greatly increased.
Your equipment is partially melded.
((You have a pair of horns on your head.))
((You reflexively headbutt those who attack you in melee.))
You are robust. (+10% HP)
((You are resistant to electric shocks. (rElec)))


   Skills:
 * Level 8.3 Fighting
 * Level 7.8 Axes
 - Level 6.0 Armour
 - Level 3.6 Shields


You had 7 spell levels left.
You didn't know any spells.
Your spell library contained the following spells:

 Spells                   Type           Power      Damage    Failure   Level
 Blink                    Tloc           0%         N/A       75%         2
 Dazzling Flash           Conj/Hex       0%         N/A       92%         3
 Gell's Gravitas          Tloc           0%         N/A       92%         3
 Ignite Poison            Fire/Tmut/Pois 0%         N/A       92%         3
 Mephitic Cloud           Conj/Pois/Air  0%         N/A       92%         3
 Teleport Other           Tloc           0%         N/A       92%         3
 Anguish                  Hex/Necr       0%         N/A       100%        4
 Agony                    Necr           0%         N/A       100%        5
 Freezing Cloud           Conj/Ice/Air   0%         6-21      100%        5
 Manifold Assault         Tloc           0%         N/A       100%        5
 Silence                  Hex/Air        0%         N/A       100%        5
 Dispersal                Tloc           0%         N/A       100%        6
 Storm Form               Tmut/Air       0%         N/A       100%        7

Inventory:

Hand Weapons
 a - a +2 war axe (weapon) {axe}
Missiles
 e - 44 stones (quivered) {throwing}
 k - 3 boomerangs {throwing}
 m - 5 poisoned darts {throwing}
Armour
 c - a +0 buckler (worn)
 i - a +1 ring mail of poison resistance (melded)
   (You found it on level 1 of the Dungeon)
 p - a +0 pair of boots (melded)
   (You found it on level 2 of the Dungeon)
Magical Staves
 v - a staff of conjuration {!a@e2staff}
   (You found it on level 3 of the Dungeon)
Jewellery
 h - the ring "Ohuemit" (left branch) {Fly rElec Str+6}
   (You found it on level 4 of the Dungeon)

   [ring of flight]

   Str:       It affects your strength (+6).
   rElec:     It insulates you from electricity.
   Fly:       It grants you flight.
 j - an amulet of reflection (around neck)
   (You found it on level 2 of the Dungeon)
 l - the ring "Arop" {rF+++ Int+6 Slay-3 SInv Stlth+}
   (You found it on level 4 of the Dungeon)

   [ring of intelligence]

   Int:       It affects your intelligence (+6).
   Slay:      It affects your accuracy & damage with ranged weapons and melee
   (-3).
   rF:        It renders you almost immune to fire.
   SInv:      It lets you see invisible.
   Stlth:     It makes you more stealthy.
Wands
 s - a wand of paralysis (9)
   (You found it on level 3 of the Dungeon)
Scrolls
 f - 3 scrolls of teleportation {@r4}
 r - a scroll of identify {unknown}
 t - a scroll of enchant weapon
 x - 2 scrolls of poison {unknown}
 y - a scroll of silence {unknown}
 A - a scroll of noise {unknown}
Potions
 b - 2 potions of haste {@q3}
 d - 3 potions of might
 u - a potion of mutation {!q}

Dungeon Overview and Level Annotations

Branches:
Dungeon (5/15) Zot: 26266
 Temple: D:4-7

Altars:
Cheibriados
Fedhas
Hepliaklqana
Trog
Wu Jian
Xom
The Shining One

....#.# .#
....#.######### .#
#####.........####.#
#########.#....#
#.#....# #.#....#
#......# ###....#
#†♣y.# ##††$.....
#.#####.. ... ....
#.... #.... #.....


You could see a killer bee.


Message History

You regained 2 hp, and now have 15/121 hp.
Your mp is fully restored (7).
You hit the killer bee but do no damage.
You closely miss the killer bee. You hit the scorpion.
The killer bee stings you but does no damage.
You block the killer bee's attack. The scorpion stings you.
* * * LOW HITPOINT WARNING * * *
You are lethally poisoned!
The scorpion poisons you!
The killer bee stings you but does no damage.
You block the killer bee's attack. đŸ˜± HP[-4]
You take 4 damage, and now have 11/121 hp.
It was a potion of flight.
Your roots keep you in place.
* * * LOW HITPOINT WARNING * * *
You feel very sick.
The killer bee stings you but does no damage.
You block the killer bee's attack.
You block the scorpion's attack. đŸ˜± HP[-3]
You take 3 damage, and now have 8/121 hp.
It was a potion of degeneration.
There was something very wrong with that liquid.
You feel weakened.
You feel dopey.
You feel clumsy.
* * * LOW HITPOINT WARNING * * *
You feel sick. You block the killer bee's attack. x2
The scorpion stings you but does no damage.
The killer bee stings you but does no damage.
The killer bee completely misses you. đŸ˜± HP[-1]
You take 1 damage, and now have 7/121 hp.
It was a potion of ambrosia.
You are confused.
You feel invigorated.
You feel sick.
The killer bee stings you but does no damage. x2
The scorpion stings you but does no damage. đŸ˜± HP[+3]
You regained 3 hp, and now have 10/121 hp.
It was a potion of brilliance.
You feel clever all of a sudden.
You feel sick.
The killer bee stings you but does no damage. x2 đŸ˜± HP[+3]
You regained 3 hp, and now have 13/121 hp.
You cannot move. (Use ctrl+direction or * direction to attack while stationary and confused.)
You closely miss the killer bee. You hit the scorpion.
You kill the scorpion!
Trog accepts your kill.
You miss the killer bee.
You feel sick. The killer bee stings you.
* * * LOW HITPOINT WARNING * * *
The killer bee stings you but does no damage.
The killer bee stings you.
* * * LOW HITPOINT WARNING * * *
The killer bee completely misses you. đŸ˜± HP[-5]
You take 5 damage, and now have 8/121 hp.
You hit the killer bee. You barely miss the killer bee.
You feel sick.
The killer bee stings you but does no damage. x2 đŸ˜± HP[+1]
You barely miss the killer bee. You miss the killer bee.
You feel less invigorated.
You feel less confused.
You feel sick. The killer bee barely misses you.
The killer bee stings you but does no damage. x2
You block the killer bee's attack. đŸ˜± HP[+2]
You regained 2 hp, and now have 11/121 hp.
You completely miss the killer bee. You slash the killer bee!
You kill the killer bee!
Trog accepts your kill.
You feel sick.
The killer bee stings you but does no damage. x2 đŸ˜± HP[-1]
You now have 123 max hp (+2).
You closely miss the killer bee.
You feel sick.
You block the killer bee's attack. đŸ˜± HP[-1]
You take 1 damage, and now have 9/123 hp.
You hit the killer bee.
The killer bee stings you but does no damage.
The killer bee stings you.
* * * LOW HITPOINT WARNING * * *
You are lethally poisoned!
The killer bee poisons you! đŸ˜± HP[-1]
You take 1 damage, and now have 8/123 hp.
You miss the killer bee.
* * * LOW HITPOINT WARNING * * *
You feel very sick. The killer bee stings you.
* * * LOW HITPOINT WARNING * * *
đŸ˜± HP[-5]
You take 5 damage, and now have 3/123 hp.
You barely miss the killer bee.
* * * LOW HITPOINT WARNING * * *
You feel sick.
The killer bee stings you but does no damage. x2 đŸ˜± HP[-2]
You take 2 damage, and now have 1/123 hp.
You closely miss the killer bee.
You die...

Skill      XL: |  1  2  3  4  5  6  7 |
---------------+----------------------+-----
Fighting       | 4 5 6 8 |  8.3
Axes           | 3 4 5 6 7 |  7.8
Armour         | 4 5 6 |  6.0
Shields        | |  3.6

Action                   |  1- 3 |  4- 6 |  7- 9 || total
-------------------------+-------+-------+-------++-------
Melee: War axe           |    82 |    50 |    77 ||   209
       Headbutt          |     5 |     5 |     8 ||    18
Throw: Stone             |       |     5 |       ||     5
  Use: Scroll            |       |     5 |       ||     5
       Potion            |       |       |     8 ||     8
Armor: Scale mail        |    16 |       |       ||    16
       Ring mail         |    23 |     9 |    31 ||    63
       Skin              |       |       |    31 ||    31
Dodge: Dodged            |    33 |    20 |    46 ||    99
Block: Buckler           |    33 |    23 |    51 ||   107
       Reflection        |     1 |     1 |       ||     2

Levels and vault maps discovered:
D:1:      evilmike_arrival_plus, layout_loops_cross
D:2:      layout_basic
D:3:      layout_basic, chequers_ecumenical_altar_simple, uniq_terence,
          uniq_natasha
D:4:      nicolae_cairo_tiling_very_big, layout_loops_cross,
          gammafunk_temple_overflow_elements,
          nicolae_wu_jian_immortal_techniques, minmay_overflow_temple_star_quad,
          minmay_goblin_outpost, uniq_menkaure, uniq_blork_the_orc
D:5:      layout_basic, mainiacjoe_overflow_concentric_impassable

Notes
Turn   | Place    | Note
-------+----------+-------------------------------------------
     0 | D:1      | Sanktem7 the Minotaur Fighter began the quest for the Orb.
     0 | D:1      | Reached XP level 1. HP: 19/19 MP: 0/0
     0 | D:1      | magus.rc [v1.9.6]
   359 | D:1      | Reached XP level 2. HP: 26/27 MP: 1/1
   364 | D:1      | Reached skill level 4 in Fighting
   379 | D:1      | Reached skill level 3 in Axes
   428 | D:1      | You add the spells Ignite Poison, Mephitic Cloud and
                  | Freezing Cloud to your library.
   450 | D:1      | Got the Volume of Black Liturgies and Poison
   883 | D:2      | Reached XP level 3. HP: 33/33 MP: 2/2
   954 | D:2      | Reached skill level 4 in Armour
   959 | D:2      | You pick up a book of the Senses and begin reading...
   959 | D:2      | You add the spells Dazzling Flash, Agony and Silence to
                  | your library.
  1416 | D:3      | Noticed Natasha
  1424 | D:3      | Killed Natasha
  1425 | D:3      | Reached XP level 4. HP: 41/41 MP: 3/3
  1485 | D:3      | Noticed Natasha
  1493 | D:3      | Killed Natasha
  1494 | D:3      | Reached skill level 4 in Axes
  1495 | D:3      | Reached skill level 5 in Fighting
  1618 | D:3      | Noticed Terence
  1625 | D:3      | Reached XP level 5. HP: 38/48 MP: 4/4
  1626 | D:3      | Killed Terence
  1628 | D:3      | Found a faded altar of an unknown god.
  1700 | D:3      | You add the spells Blink, Manifold Assault and Storm Form
                  | to your library.
  1752 | D:3      | Noticed Natasha
  1760 | D:3      | Killed Natasha
  2179 | D:4      | Noticed Menkaure
  2189 | D:4      | Killed Menkaure
  2190 | D:4      | Reached skill level 6 in Fighting
  2190 | D:4      | Reached skill level 5 in Axes
  2190 | D:4      | Reached skill level 5 in Armour
  2190 | D:4      | Reached XP level 6. HP: 32/57 MP: 5/5
  2348 | D:4      | Identified the ring "Arop" {rF+++ Int+6 Slay-3 SInv Stlth+}
  2387 | D:4      | Noticed Blork the orc
  2397 | D:4      | Killed Blork the orc
  2403 | D:4      | Reached skill level 6 in Axes
  2628 | D:4      | Reached XP level 7. HP: 64/64 MP: 6/6
  2744 | D:4      | Identified the ring "Ohuemit" {Fly rElec Str+6}
  2756 | D:4      | Reached skill level 7 in Fighting
  2960 | D:4      | Found a shimmering altar of Xom.
  2960 | D:4      | Found a blossoming altar of Fedhas.
  3039 | D:4      | Found an ornate altar of the Wu Jian Council.
  3072 | D:4      | Found a bloodstained altar of Trog.
  3078 | D:4      | Found a snail-covered altar of Cheibriados.
  3081 | D:4      | Found a hazy altar of Hepliaklqana.
  3342 | D:4      | Became a worshipper of Trog the Wrathful
  3402 | D:5      | Entered Level 5 of the Dungeon
  3403 | D:5      | Found a glowing golden altar of the Shining One.
  3416 | D:5      | You add the spells Gell's Gravitas, Teleport Other and
                  | Dispersal to your library.
  3597 | D:5      | Reached skill level 7 in Axes
  3636 | D:5      | Reached skill level 6 in Armour
  3642 | D:5      | HP: 16/67 [poisoned by a killer bee]
  3643 | D:5      | HP: 7/67 [poisoned by a killer bee]
  3645 | D:5      | Gained mutation: You are robust. (+10% HP) [potion of
                  | mutation]
  3645 | D:5      | Gained mutation: You are resistant to electric shocks.
                  | (rElec) [potion of mutation]
  3645 | D:5      | HP: 2/73 [killer bee (4)]
  3649 | D:5      | Reached skill level 8 in Fighting
  3649 | D:5      | Reached XP level 8. HP: 15/81 MP: 7/7
  3650 | D:5      | HP: 8/121 [poisoned by a scorpion]
  3655 | D:5      | HP: 9/121 [poisoned by a scorpion]
  3660 | D:5      | HP: 6/123 [poisoned by a killer bee]
  3661 | D:5      | HP: 1/123 [poisoned by a killer bee]
  3662 | D:5      | Succumbed to a killer bee's poison

Vanquished Creatures
  Menkaure (D:4)
  2 black bears
  Blork the orc (D:4)
  2 scorpions (D:5)
  A necrophage (D:4)
  5 killer bees (D:5)
  A howler monkey (D:3)
  2 hounds (D:5)
  A jelly (D:4)
  Natasha (thrice) (D:3)
  Terence (D:3)
  2 orc wizards
  2 adders
  3 worms
  4 dart slugs
  5 orcs
  4 bats
  4 endoplasms
  3 giant cockroaches
  6 goblins
  9 hobgoblins
  8 jackals
  3 quokkas
  8 ball pythons
  3 frilled lizards
  5 kobolds
  5 rats
94 creatures vanquished.

Table legend:
 A = Non-vault XP
 B = Vault XP
 C = Vault XP percentage of total XP
 D = Non-vault monster count
 E = Vault monster count
 F = Vault count percentage of total count
                 A         B        C        D         E       F
            +---------+---------+-------+---------+---------+-------
      Total |    1282 |     345 |  21.2 |      83 |      11 |  11.7
            +---------+---------+-------+---------+---------+-------
        D:1 |      37 |       0 |   0.0 |      22 |       0 |   0.0
        D:2 |      34 |       0 |   0.0 |      17 |       0 |   0.0
        D:3 |     144 |      72 |  33.3 |      12 |       2 |  14.3
        D:4 |     335 |     273 |  44.9 |      18 |       9 |  33.3
        D:5 |     732 |       0 |   0.0 |      14 |       0 |   0.0
            +---------+---------+-------+---------+---------+-------

Illustrated notes

Table legend:
 A = Kills in this place as a percentage of kills in entire the game.
 B = Kills by you in this place as a percentage of kills by you in the entire game.
 C = Kills by friends in this place as a percentage of kills by friends in the entire game.
 D = Other kills in this place as a percentage of other kills in the entire game.
 E = Experience gained in this place as a percentage of experience gained in the entire game.
 F = Experience gained in this place divided by the number of levels of this place that you have seen.
                   A       B       C       D       E      F
               +-------+-------+-------+-------+-------+----------------------
         Total | 100.0 | 100.0 |   N/A |   N/A | 100.0 | 325.4
       Dungeon | 100.0 | 100.0 |   N/A |   N/A | 100.0 | 325.4
               +-------+-------+-------+-------+-------+----------------------

Table legend: (Time is in decaauts)
 A = Elapsed time spent in this place.
 B = Non-inter-level travel time spent in this place.
 C = Inter-level travel time spent in this place.
 D = Time resting spent in this place.
 E = Time spent auto-exploring this place.
 F = Levels seen in this place.
 G = Mean time per level.
                   A        B        C        D        E       F      G
               +--------+--------+--------+--------+--------+-----+--------+
         Total |   3734 |   3481 |    253 |    184 |   2723 |   5 |  746.8 |
       Dungeon |   3734 |   3481 |    253 |    184 |   2723 |   5 |  746.8 |
               +--------+--------+--------+--------+--------+-----+--------+

Top non-repeatable levels by time:
     D:4: 1313 daAuts
     D:1: 847 daAuts
     D:3: 719 daAuts
     D:2: 590 daAuts
     D:5: 261 daAuts
